 Dungeon Crawl Stone Soup version 0.29.1-15-g9cfb28693d (webtiles) character file.

Game seed: 18205066143588385693

10 protoss039 the Digger (level 2, 13/20 HPs)
             Began as a Demonspawn Earth Elementalist on Mar 24, 2023.
             Got out of the dungeon alive.
             The game lasted 00:00:23 (432 turns).

protoss039 the Digger (DsEE)                         Turns: 432, Time: 00:00:23

Health: 13/20      AC:  2    Str:  8    XL:     2   Next: 10%
Magic:  3/5        EV: 12    Int: 16    God:
Gold:   21         SH:  0    Dex: 13    Spells: 4/5 levels left

rFire   . . .      SeeInvis .   d - +0 club
rCold   . . .      Faith    .   (no shield)
rNeg    . . .      Spirit   .   a - +0 robe
rPois   .          Reflect  .   (no helmet)
rElec   .          Harm     .   (no cloak)
rCorr   .          Rampage  .   (no gloves)
Will    .....                   (no boots)
Stlth   ++........              (no amulet)
HPRegen 0.06/turn               (no ring)
MPRegen 0.09/turn               (no ring)

@: no status effects
A: demonic guardian 1
a: no special abilities


You escaped.
You visited 1 branch of the dungeon, and saw 1 of its levels.

You collected 21 gold pieces.

Inventory:

Hand Weapons
 d - a +0 club (weapon)
Armour
 a - a +0 robe (worn)
Scrolls
 c - a scroll of noise {unknown}
 e - a scroll of identify {unknown}
Potions
 b - a potion of magic


   Skills:
 + Level 0.8 Fighting
 - Level 1.7 Dodging
 - Level 1.7 Stealth
 + Level 2.2 Spellcasting
 - Level 0.8 Transmutations
 + Level 2.9 Earth Magic


You had 4 spell levels left.
You knew the following spells:

 Your Spells              Type           Power      Damage    Failure   Level
a - Sandblast             Erth           22%        2d7       6%          1

Your spell library contained the following spells:

 Spells                   Type           Power      Damage    Failure   Level
 Passwall                 Tmut/Erth      5%         N/A       14%         2
 Stone Arrow              Conj/Erth      12%        3d7       32%         3
 Petrify                  Tmut/Erth      7%         N/A       67%         4
 Iskenderun's Battlesphe  Conj           1%         2d6       99%         5
 Iron Shot                Conj/Erth      3%         9d2       100%        6
 Spellforged Servitor     Conj/Summ      0%         N/A       100%        7


Dungeon Overview and Level Annotations

Branches:
Dungeon (1/15) Zot: 5560

Altars:


Innate Abilities, Weirdness & Mutations

A weak demonic guardian rushes to your aid.


Message History

Aiming: Sandblast (safe; 6% risk of failure)
Press: ? - help, Shift-Dir - straight line, f - ball python
Aim: a ball python (constricting you, 80% to hit)
The blast of sand hits the ball python.
You kill the ball python!
The goblin hits you with a +0 dagger. The goblin hits you but does no damage.
You have reached level 2!
Your demonic ancestry asserts itself...
You feel the presence of a demonic guardian.
Unknown command.
You barely miss the goblin. The goblin hits you with a +0 dagger.
You closely miss the goblin. The goblin closely misses you.
You closely miss the goblin. The goblin misses you.
The goblin hits you with a +0 dagger.
Unknown command.
You hit the goblin.
The goblin is moderately wounded.
The goblin barely misses you.
Unknown command.
Casting: Sandblast (safe; 6% risk of failure)
Confirm with . or Enter, or press ? or * to list all spells.
Aiming: Sandblast (safe; 6% risk of failure)
Press: ? - help, Shift-Dir - straight line, f - goblin
Aim: a goblin, wielding a +0 dagger (moderately wounded, 77% to hit)
The blast of sand misses the goblin.
The goblin barely misses you.
Unknown command.
Casting: Sandblast (safe; 6% risk of failure)
Confirm with . or Enter, or press ? or * to list all spells.
Aiming: Sandblast (safe; 6% risk of failure)
Press: ? - help, Shift-Dir - straight line, f/p - goblin
Aim: a goblin, wielding a +0 dagger (moderately wounded, 77% to hit)
The blast of sand hits the goblin!
You kill the goblin!
Unknown command.
You see here a ball python corpse.
You open the door.
There is an open door here.
There is a staircase leading out of the dungeon here.
Are you sure you want to leave the Dungeon?
This will make you lose the game!
You have escaped!

#........#...#~.~#≈≈≈#
##......!#...#~.~#≈≈.#
##.....##...#~.≈#≈..#
#...#...#...#
#...........#
#...........#
#...........#
#...........#
#.....@.....#
#...........#
#############


There were no monsters in sight!

Vanquished Creatures
  4 ball pythons (D:1)
  A giant cockroach (D:1)
  2 goblins (D:1)
  A hobgoblin (D:1)
  A rat (D:1)
9 creatures vanquished.

Notes
Turn   | Place    | Note
-------+----------+-------------------------------------------
     0 | D:1      | protoss039 the Demonspawn Earth Elementalist began the
                  | quest for the Orb.
     0 | D:1      | Reached XP level 1. HP: 13/13 MP: 3/3
   405 | D:1      | Gained mutation: A weak demonic guardian rushes to your
                  | aid. [demonic ancestry]
   405 | D:1      | Reached XP level 2. HP: 16/20 MP: 3/5
   432 | D:$      | Got out of the dungeon alive.

Illustrated notes

Levels and vault maps discovered:
D:1:      lightli_arrival_quake, layout_loops_corners

Action                   || total
-------------------------++-------
Melee: Club              ||     6
 Cast: Sandblast         ||    12
Armor: Robe              ||     2
Dodge: Dodged            ||     8
